Map: Ruins of Seras

Players

Frozzen - Winner!

  • Race: Zerg Zerg
  • League: Gold

Blaze

  • Race: Terran Terran
  • League: Gold

VOD

Have the link to the VOD?

Description

Time

  • Played on: Nov. 17, 2015, 10:32 p.m.
  • Length: 11:24
Show
View Real Time Build Order
Export as new Build Order

Frozzen Zerg - Winner!

Build Orders: Hatch First 

Get SALT Encoding   

  12  0:01  Drone  
  13  0:12  Overlord  
  13  0:19  Drone  
  14  0:31  Drone x2  
  14  0:35  Drone  
  17  0:55  Hatchery  
  16  0:58  Drone  
  16  1:01  Drone  
  18  1:07  Drone, Extractor  
  18  1:17  Drone  
  19  1:24  Spawning Pool  
  18  1:31  Overlord  
  18  1:43  Drone  
  19  1:50  Drone  
  20  2:00  Drone  
  21  2:12  Metabolic Boost, Queen  
  21  2:13  Queen  
  21  2:14  Zergling x2  
  26  2:16  Zergling x2  
  26  2:21  Drone  
  28  2:25  Drone  
  28  2:29  Drone  
  30  2:40  Drone x2  
  32  2:44  Drone  
  32  2:48  Queen  
  34  2:54  Drone  
  34  2:55  Lair  
  35  3:00  Evolution Chamber  
  35  3:02  Drone  
  35  3:07  Overlord  
  35  3:15  Zergling x2  
  35  3:19  Overlord  
  36  3:35  Zerg Missile Weapons Level 1  
  36  3:36  Drone  
  36  3:37  Drone x3  
  36  3:41  Drone x2, Roach Warren  
  42  3:42  Drone  
  42  3:51  Extractor  
  42  3:54  Overseer  
  41  3:56  Drone x2  
  41  3:57  Drone x2  
  41  3:59  Overlord  
  45  4:05  Drone x2  
  47  4:10  Overlord  
  47  4:20  Drone x3  
  47  4:21  Glial Reconstitution  
  47  4:23  Extractor  
  48  4:42  Drone x2, Hydralisk Den  
  48  4:43  Drone  
  48  4:44  Drone  
  48  4:45  Drone x3  
  53  4:46  Roach  
  50  4:55  Roach  
  50  4:57  Roach  
  54  5:03  Roach  
  51  5:12  Drone  
  51  5:13  Drone x5  
  51  5:28  Drone  
  51  5:31  Drone x2  
  51  5:32  Drone x3  
  56  5:36  Zerg Ground Armor Level 1  
  56  5:38  Hatchery  
  56  5:40  Drone  
  56  5:51  Extractor  
  55  5:59  Hydralisk x4  
  55  6:02  Drone x2  
  65  6:15  Hatchery  
  65  6:17  Hydralisk x2  
  67  6:19  Overlord x2  
  64  6:40  Spore Crawler, Spine Crawler, Drone x2  
  64  6:41  Drone  
  64  6:42  Drone x2  
  64  6:43  Drone  
  68  6:55  Hydralisk  
  68  6:56  Hydralisk x5  
  80  7:06  Muscular Augments  
  80  7:08  Drone x3  
  82  7:09  Drone  
  84  7:18  Ravager  
  84  7:22  Drone  
  86  7:23  Drone  
  86  7:27  Roach x4  
  95  7:41  Zerg Missile Weapons Level 2  
  95  7:43  Drone  
  96  7:45  Overlord  
  96  7:46  Overlord x2  
  96  7:57  Overlord x2  
  96  8:05  Overseer  
  96  8:16  Drone x5  
  96  8:17  Drone, Extractor  
  96  8:18  Drone x11, Extractor  
  102  8:30  Roach x4  
  102  8:31  Roach  
  112  8:50  Spore Crawler  
  112  8:55  Spine Crawler  
  110  8:56  Spine Crawler  
  110  9:02  Roach x10  
  129  9:05  Ravager x6  
  129  9:06  Ravager  
  129  9:09  Lurker Den  
  136  9:22  Infestation Pit  
  135  9:26  Hatchery  
  120  9:36  Roach  
  120  9:37  Roach x9  
  112  9:57  Hydralisk  
  112  9:58  Hydralisk x7  
  124  10:04  Zergling x2  
  124  10:05  Zergling x10  
  124  10:29  Hydralisk x3  
  124  10:30  Hydralisk x3  
  124  10:33  Overlord x2  
  129  10:50  Zergling x10  
  129  10:51  Zergling x10  
  129  10:52  Roach  
  129  10:53  Roach x4  
Show
View Real Time Build Order
Export as new Build Order

Blaze Terran 

Build Orders: Hellion Opening, MMM Bio 

Get SALT Encoding   

  12  0:01  SCV  
  13  0:13  SCV  
  14  0:23  Supply Depot  
  14  0:25  SCV  
  15  0:30  Refinery  
  15  0:45  SCV  
  16  0:54  Barracks  
  16  0:57  SCV  
  17  1:09  SCV  
  18  1:21  SCV  
  19  1:33  SCV  
  20  1:42  Reaper  
  20  1:46  Supply Depot  
  21  1:53  Command Center  
  21  2:01  Factory  
  21  2:18  Orbital Command  
  21  2:19  Barracks Reactor  
  21  2:52  SCV  
  22  3:02  Starport  
  22  3:04  SCV  
  22  3:05  Hellion x2  
  27  3:09  Supply Depot  
  27  3:11  Orbital Command  
  27  3:16  Barracks Tech Lab  
  28  3:27  SCV  
  28  3:30  Hellion x2  
  32  3:36  Orbital Command  
  32  3:44  Medivac  
  34  3:49  SCV  
  34  3:51  Hellion  
  34  3:52  Hellion  
  39  4:02  SCV x2, Supply Depot  
  41  4:10  Barracks  
  41  4:14  SCV x2, Barracks  
  43  4:22  Marine  
  44  4:39  Stimpack  
  40  5:00  Marine  
  40  5:01  Marine x2  
  39  5:18  Marine x2  
  39  5:19  Marine, Medivac  
  39  5:20  SCV x2  
  43  5:26  Refinery  
  43  5:27  Refinery  
  41  5:29  Supply Depot  
  41  5:36  Marine x3  
  41  5:37  Supply Depot  
  41  5:40  SCV x2  
  41  5:41  Supply Depot  
  46  5:44  Bunker  
  46  5:52  SCV  
  46  5:56  Barracks  
  46  5:57  Barracks  
  47  5:59  Barracks Tech Lab x2, Engineering Bay x2  
  47  6:05  Marauder  
  47  6:10  SCV x2  
  51  6:24  SCV x2  
  50  6:36  SCV x2  
  50  6:39  Combat Shields  
  52  6:42  Marauder  
  52  6:43  Marauder x2  
  52  6:45  Barracks Reactor x2  
  58  6:49  Terran Infantry Weapons Level 1  
  58  6:54  Terran Infantry Armor Level 1  
  58  6:57  SCV  
  58  6:59  SCV  
  58  7:00  Missile Turret  
  60  7:03  Missile Turret, Marine x2  
  60  7:04  Marine  
  63  7:09  SCV  
  63  7:11  SCV  
  65  7:15  Supply Depot  
  65  7:18  Supply Depot  
  65  7:21  Marine  
  65  7:22  Marine x4, Marauder x2  
  72  7:27  Armory  
  74  7:31  SCV x2  
  76  7:39  Marine  
  76  7:40  Marine  
  76  7:42  Marine  
  79  7:48  Command Center  
  79  7:51  SCV x2  
  80  7:53  Marine x4  
  80  7:57  Marine  
  80  7:58  Medivac x2, Marine  
  91  8:00  Marine  
  91  8:03  SCV  
  87  8:10  Supply Depot  
  87  8:12  Supply Depot  
  87  8:15  Marine x2  
  87  8:16  Marine x4  
  87  8:18  Factory Tech Lab, Marine  
  80  8:33  Marine  
  78  8:34  Marauder x2, Marine x3  
  78  8:36  SCV x2, Marauder  
  89  8:47  Concussive Shells  
  89  8:48  Terran Infantry Weapons Level 2  
  89  8:49  Terran Infantry Armor Level 2  
  89  8:51  Marine  
  89  8:52  Marine x2  
  92  9:06  Marauder  
  92  9:07  Marauder x2  
  98  9:16  SCV x2  
  100  9:20  Marine x2  
  100  9:21  Marine x2  
  104  9:28  Marauder x2, Marine  
  93  9:38  Marine x3  
  78  9:39  Marine  
  79  9:46  Marauder  
  79  9:49  Marauder x2  
  79  9:56  Marine x2  
  75  10:01  Marine  
  68  10:07  Marauder  
  68  10:11  Marauder x2  
  63  10:21  Marine  
  63  10:22  Marine x3  
  62  10:29  Marauder  
  62  10:32  Marauder x2  
  63  10:39  Marine x2  
  63  10:40  Marine x2  
  49  10:50  Marauder, Orbital Command  
  49  10:53  Marauder  
  49  10:54  Marauder  
  52  10:57  Marine x3  
  52  10:58  Marine  
Tags
 
Add a new tag
Caveats
  • Supply blocks, unpowered buildings, or Contaminate may cause inaccurate times.
  • Supply counts are checked every 10 seconds.